 Dungeon Crawl Stone Soup version 0.27-a0-695-gb4952372f7 (webtiles) character file.

Game seed: 16647574687879356623

81 DarkShadow the Shield-Bearer (level 4, -4/60 HPs)
             Began as a Minotaur Fighter on Mar 22, 2021.
             Was an Initiate of Okawaru.
             Slain by a sky beast (6 damage)
             ... on level 2 of the Dungeon.
             The game lasted 00:05:45 (1774 turns).

DarkShadow the Shield-Bearer (Minotaur Fighter)     Turns: 1774, Time: 00:05:46

Health: -4/60      AC: 22    Str: 20    XL:     4   Next: 20%
Magic:  3/3        EV:  2    Int:  5    God:    Okawaru [......]
Gold:   89         SH: 14    Dex: 11    Spells: 3/3 levels left

rFire    . . .     SeeInvis .   a - +0 war axe
rCold    + . .     Faith    .   c - +0 kite shield
rNeg     + + +     Spirit   .   (armour currently unavailable)
rPois    +         Reflect  +   (helmet currently unavailable)
rElec    .         Harm     .   (cloak currently unavailable)
rCorr    .         Rampage  .   (gloves currently unavailable)
Will     .....     NoTele   +   (boots currently unavailable)
Stlth    +.........             g - amulet "Qaschurch" {Reflect rPois rC+ SH+5}
HPRegen  0.20/turn              (no ring)
MPRegen  0.08/turn              (no ring)

@: tree-form
A: stationary, stasis, torment immunity, boosted hp, (horns 2), (retaliatory
headbutt)
a: Renounce Religion


You were on level 2 of the Dungeon.
You worshipped Okawaru.
Okawaru was noncommittal.
You were a tree.
You visited 1 branch of the dungeon, and saw 2 of its levels.

You collected 89 gold pieces.

Inventory:

Hand Weapons
 a - a +0 war axe (weapon)
Armour
 b - a +0 scale mail (melded)
 c - a +0 kite shield (worn)
Jewellery
 g - the amulet "Qaschurch" (around neck) {Reflect rPois rC+ SH+5}
   (You acquired it on level 2 of the Dungeon)

   [amulet of reflection]

   It shields you and reflects attacks.
   It protects you from cold.
   It protects you from poison.
   It affects your SH (+5).
Potions
 d - a potion of might
 e - a potion of curing
 f - a potion of lignification
 h - a potion of heal wounds {unknown}
 i - a potion of flight {unknown}


   Skills:
 + Level 4.1 Fighting
 + Level 3.5 Axes
 + Level 4.4 Armour
 + Level 0.3 Dodging
 + Level 4.4 Shields


You had 3 spell levels left.
You didn't know any spells.
Your spell library contained the following spells:

 Spells                   Type           Power      Damage    Failure   Level
 Confusing Touch          Hex            0%         N/A       99%         3
 Gell's Gravitas          Tloc           0%         N/A       99%         3
 Petrify                  Tmut/Erth      0%         N/A       100%        4
 Metabolic Englaciation   Hex/Ice        0%         N/A       100%        5
 Yara's Violent Unravell  Hex/Tmut       0%         3d3       100%        5


Dungeon Overview and Level Annotations

Branches:
Dungeon (2/15)

Altars:
Okawaru


Innate Abilities, Weirdness & Mutations

You are a tree.
Your roots penetrate the ground, keeping you stationary.
You cannot be teleported.
You are immune to unholy pain and torment.
Your maximum health is greatly increased.
Your equipment is partially melded.
((You have a pair of horns on your head.))
((You reflexively headbutt those who attack you in melee.))


Message History

There is a strange disturbance nearby!
There is a strange disturbance nearby!
There is a strange disturbance nearby!
There is a strange disturbance nearby!
There is a strange disturbance nearby!
There is a strange disturbance nearby!
There is a strange disturbance nearby!
There is a strange disturbance nearby!
There is a strange disturbance nearby!
There is a strange disturbance nearby!
There is a strange disturbance nearby!
There is a strange disturbance nearby!
There is a strange disturbance nearby!
There is a strange disturbance nearby!
There is a strange disturbance nearby!
There is a strange disturbance nearby!
There is a strange disturbance nearby!
There is a strange disturbance nearby!
There is a strange disturbance nearby!
There is a strange disturbance nearby!
There is a strange disturbance nearby!
There is a strange disturbance nearby!
There is a strange disturbance nearby!
There is a strange disturbance nearby!
There is a strange disturbance nearby!
There is a strange disturbance nearby!
There is a strange disturbance nearby!
There is a strange disturbance nearby!
There is a strange disturbance nearby!
There is a strange disturbance nearby!
You closely miss something. You block something's attack.
Something hits you but does no damage.
You cannot move.
You cannot move.
You closely miss something. Something hits you but does no damage.
You miss something.
Something hits you but does no damage. x2
You hit something. Something hits you but does no damage. Something hits you.
* * * LOW HITPOINT WARNING * * *
Something shocks you.
You die...

#..####.#.#.#.#
#.....# #
#...........#.#
#####.# #
#..####.#.###.# #.#
# #.......#.....#
#.#
##.......##.####
#.# #.....###.....#
#.# #.#.#.# #.....#
####.#### #.#.#.#
#.....#####.......#
#.#.#.#
#...♣{...##.#..##.#
#.#.#.#
#.....##..........#
#.....#
########.###'###..#
###.### #†# #.#
#..# #.#
#######.###.###..#
#.#
#.......###_÷.+..#
...
..#####.###.###.##
####(# #.# #.# #
#....###+###.#


There were no monsters in sight!

Vanquished Creatures
  An adder (D:2)
  2 oozes (D:1)
  2 worms (D:2)
  2 dart slugs
  A ball python (D:2)
  6 giant cockroaches
  6 goblins
  5 hobgoblins
  4 jackals (D:2)
  6 kobolds
  6 bats
  3 frilled lizards
  6 rats
50 creatures vanquished.

Notes
Turn   | Place    | Note
-------+----------+-------------------------------------------
     0 | D:1      | DarkShadow the Minotaur Fighter began the quest for the
                  | Orb.
     0 | D:1      | Reached XP level 1. HP: 19/19 MP: 0/0
   100 | D:1      | Reached XP level 2. HP: 17/27 MP: 1/1
   517 | D:1      | Reached XP level 3. HP: 33/33 MP: 2/2
  1313 | D:2      | Reached XP level 4. HP: 40/40 MP: 3/3
  1363 | D:2      | Found an iron altar of Okawaru.
  1372 | D:2      | Became a worshipper of Warmaster Okawaru
  1379 | D:2      | Identified a scroll of acquirement
  1379 | D:2      | Acquired the amulet "Qaschurch" {Reflect rPois rC+ SH+5}
  1740 | D:2      | Noticed a sky beast
  1766 | D:2      | HP: 1/40 [something (6)]
  1774 | D:2      | HP: 2/60 [something (2)]
  1774 | D:2      | Slain by a sky beast

Illustrated notes

Levels and vault maps discovered:
D:1:      dpeg_arrival_tiny_f, layout_basic, chequers_serial_rivers_small_3
D:2:      layout_loops_cross, lemuel_doored_altar, kennysheep_generic_room_9

Skill      XL: |  1  2  3 |
---------------+----------+-----
Armour         | 4 |  4.4
Shields        | 4 |  4.4
Fighting       | 4 |  4.1
Axes           | 3 |  3.5
Dodging        | |  0.3

Action                   |  1- 3 |  4- 6 || total
-------------------------+-------+-------++-------
Melee: War axe           |    80 |    40 ||   120
       Headbutt          |    16 |     5 ||    21
  Use: Scroll            |       |     3 ||     3
       Potion            |       |     1 ||     1
Armor: Scale mail        |    48 |    16 ||    64
       Skin              |       |     6 ||     6
Dodge: Dodged            |    34 |     9 ||    43
Block: Kite shield       |    40 |    51 ||    91

Table legend: (Time is in decaauts)
 A = Elapsed time spent in this place.
 B = Non-inter-level travel time spent in this place.
 C = Inter-level travel time spent in this place.
 D = Time resting spent in this place.
 E = Time spent auto-exploring this place.
 F = Levels seen in this place.
 G = Mean time per level.
                   A        B        C        D        E       F      G
               +--------+--------+--------+--------+--------+-----+--------+
         Total |   1845 |   1845 |      0 |    173 |   1102 |   2 |  922.5 |
       Dungeon |   1845 |   1845 |      0 |    173 |   1102 |   2 |  922.5 |
               +--------+--------+--------+--------+--------+-----+--------+

Top non-repeatable levels by time:
     D:2: 984 daAuts
     D:1: 861 daAuts
